Unix NetHack Version 5.0.0-0 post-release - last build May 17 2026 04:57:42 (dc50c8380fa5e20985bfe3072449f57b8d9895ef,branch:main).

Game began 2026-05-18 07:07:40, ended 2026-05-18 07:54:01.

ArrBianca, lawful female dwarven Archeologist

                        -------------------..@..........#
                        |.......................@.......*   #
                    ####|.--|-----..{.------....G-----..##0# #
                       #|.|..|?((|.---|.?|...G...|%%.|..##*   #
                       #|.|((|(((|.|..|+%|.......|%%.-..####   #  --
                       #|.|((|...|.+..|..|--.|h.-----|..####    ##..
                       #|.------|-.----|--.........:.|..##       #|.
                       #`....................|.o-....|.|*       ##..
                      ##|......--|-..{...-|...@.|.(_....       ## |.
                     ###|......|..|--|-.|..|..|......|..#      #  |.
      ---------.-   ####-......|..|...|.|...G...-----|.|##     #  |.
      |.........-##### #|.----|---|...||------|..-...|.|
      |.........|###   #|.|....|..|...|....|..+..|...|.|     #
      |.........|      #|.|....|..|...|(...|..|..|...|.|######
      |......<..|       |.------|--------------..-----.|#
      |..........       |..............................|
      |.........|       --------------------------------
      -----------        ####################

ArrBianca the Field Worker  St:15 Dx:8 Co:12 In:16 Wi:16 Ch:8  Lawful
Dlvl:5  $:565 HP:0(27) Pw:5(5) AC:9  Xp:3 T:1396 

Latest messages:
 The grid bug bites!
 You get zapped!
 The grid bug bites!
 You get zapped!
 You kill the grid bug!
 You hit the monkey.
 You hear crashing rock.
 You miss the monkey.
 You hear crashing rock.
 The hill orc picks up an uncursed -1 splint mail.
 You experience a sense of peace.
 The hill orc puts on an uncursed -1 splint mail.
 There is a grave here.
 Something is engraved here on the headstone.
 You read: "Sathar, killed by a gnome lord".
 There are several objects here.
 You kill the monkey!
 l - a sprig of wolfsbane.
 s - an uncursed +0 dwarvish cloak.
 G - a turquoise stone.
 You don't have anything to sacrifice.
 You see here a thonged club.
 The hill orc wields a curved sword!
 What do you want to wear? [bs or ?*] s
 You are now wearing a dwarvish cloak.
 The hill orc turns to flee.
 What do you want to wear? [*] b
 You cannot wear armor over a cloak.
 You were wearing an uncursed +0 dwarvish cloak.
 What do you want to wear? [bs or ?*] b
 You are now wearing a leather jacket.
 The hill orc turns to flee.
 What do you want to wear? [s or ?*] s
 You are now wearing a dwarvish cloak.
 You swap places with the peaceful watchman.
 You miss the hill orc.
 You are already bare handed.
 You attack thin air.
 You already found a monster.  Use 'm' prefix to force another search.
 You hit the hill orc.
 The hill orc swings her long sword.
 The hill orc hits!
 You hit the hill orc.
 The hill orc swings her long sword.
 The hill orc hits!
 You hit the hill orc.
 The hill orc swings her long sword.
 The hill orc hits!
 You die...
 Do you want an account of creatures vanquished? [ynaq] (y) q

Inventory:
 Coins    ('$')
  $ - 565 gold pieces
 Armor    ('[')
  s - an uncursed +0 dwarvish cloak (being worn)
  b - an uncursed +0 leather jacket (being worn)
 Comestibles  ('%')
  M - a cursed slime mold
  d - 4 uncursed food rations
  l - an uncursed sprig of wolfsbane
 Scrolls  ('?')
  i - an uncursed scroll of teleportation
 Spellbooks  ('+')
  C - a cursed spellbook of extra healing
  D - a cursed spellbook of healing
  k - an uncursed spellbook of light
  B - a blessed spellbook of stone to flesh
 Potions  ('!')
  o - an uncursed potion of enlightenment
  p - an uncursed potion of oil
 Rings    ('=')
  r - an uncursed +2 ring of gain strength
 Wands    ('/')
  t - a wand of fire (0:4)
 Tools    ('(')
  h - an uncursed sack containing 8 items
  n - an uncursed wooden flute
  w - an uncursed magic whistle
  f - a tinning kit (0:68)
 Gems/Stones  ('*')
  K - a cursed chrysoberyl stone
  I - a cursed opal
  G - a cursed turquoise stone
  g - an uncursed touchstone

Contents of the sack:
  a cursed +1 pair of leather gloves
  a cursed +0 pair of elven boots
  6 cursed apples
  a cursed potion of object detection
  a cursed potion of paralysis
  a potion of unholy water
  a cursed ring of polymorph
  a cursed ring of searching

ArrBianca the Archeologist's attributes:

Background:
 You were a Field Worker, a level 3 female dwarven Archeologist.
 You were lawful, on a mission for Quetzalcoatl
 who was opposed by Camaxtli (neutral) and Huhetotl (chaotic).
 You were right-handed.
 You were in the Gnomish Mines, on level 5.
 You entered the dungeon 1396 turns ago.
 There was a new moon in effect when your adventure ended.
 You had 56 experience points, 24 more were needed to attain level 4.

Basics:
 You had 0 out of 27 hit points.
 You had all 5 energy points (spell power).
 Your armor class was 9.
 Your wallet contained 565 zorkmids.
 Autopickup was on for '$?!/="+%' plus thrown, with exceptions.

Final Characteristics:
 Your strength was 15 (limit:18/100).
 Your dexterity was 8 (limit:20).
 Your constitution was 12 (limit:20).
 Your intelligence was 16 (limit:16).
 Your wisdom was 16 (limit:16).
 Your charisma was 8 (limit:16).

Final Status:
 You weren't hungry.
 You were unencumbered.
 You were bare handed.
 You were unskilled in bare handed combat.

Final Attributes:
 You were devoutly aligned.
 Your items were somewhat protected from fire.
 Your items were somewhat protected from cold.
 You had automatic searching.
 You were clairvoyant.
 You had infravision.
 You were warded.
 You are dead.

Miscellaneous:
 You encountered 1 bones level.
 Total elapsed playing time was 45 minutes and 8 seconds.

Major events:
 Turn
    1: ArrBianca the lawful female dwarven Archeologist entered the dungeon
  503: entered the Gnomish Mines
  981: reached Mine Town
 1075: attained the rank of Field Worker (level 3)
 1396: killed by a hill orc

You didn't know any spells.

Skills:
 Fighting Skills
   bare handed combat [Unskilled]
   two weapon combat  [Unskilled]
   riding             [Unskilled]
 Weapon Skills
   dagger             [Unskilled]
   knife              [Unskilled]
   pick-axe           [Basic]
   short sword        [Unskilled]
   saber              [Unskilled]
   club               [Unskilled]
   quarterstaff       [Unskilled]
   sling              [Unskilled]
   dart               [Unskilled]
   boomerang          [Unskilled]
   whip               [Basic]
   unicorn horn       [Unskilled]
 Spellcasting Skills
   attack spells      [Unskilled]
   healing spells     [Unskilled]
   divination spells  [Unskilled]
   matter spells      [Unskilled]

Voluntary challenges:
 Character rerolling was not enabled.
 You never genocided any monsters.
 You never polymorphed an object.
 You never changed form.
 You used no wishes.
Achievements:
 You entered the Gnomish Mines.
 You entered Minetown.
 You attained the rank of Field Worker.
 You entered a temple.
 You entered a shop.

 The Dungeons of Doom: levels 1 to 2
    Level 1:
       Some fountains, a grave.
    Level 2:
       A sink.
       Stairs down to The Gnomish Mines.
 The Gnomish Mines: levels 3 to 5
    Level 3:
    Level 4:
    Level 5: <- You were here.
       Many shops, a temple and an altar to Quetzalcoatl, some fountains, a grave.
       Final resting place for
          you, killed by a hill orc,
          Sathar-Hea-Hum-Mal-Neu, killed by a gnome lord.


Vanquished creatures:
  3 monkeys
 an orc zombie
  a large kobold
  4 gnomes
  4 jackals
  2 kobolds
  a goblin
  a grid bug
  3 lichens
  a kobold zombie
  2 newts
23 creatures vanquished.

No species were genocided or became extinct.

Game over:
                       ----------
                      /          \
                     /    REST    \
                    /      IN      \
                   /     PEACE      \
                  /                  \
                  |    ArrBianca     |
                  |      565 Au      |
                  | killed by a hill |
                  |       orc        |
                  |                  |
                  |                  |
                  |       2026       |
                 *|     *  *  *      | *
        _________)/\\_//(\/(/\)/\//\/|_)_______

Goodbye ArrBianca the Archeologist...

You died in The Gnomish Mines on dungeon level 5 with 933 points,
and 565 pieces of gold, after 1396 moves.
You were level 3 with a maximum of 27 hit points when you died.

